AoeStats
← Papi-etoilette

Highland

505470808Analyzed
2v2 RM · 21d ago on Sep 9, 2026· 46m 21s· 4 players
Game mode
Random Map
Map size
Medium (4 player)
Population
200
Speed
Normal
Resources
Standard
Victory
Conquest
Starting age
Dark Age
Ending age
Imperial Age
RankedLock teamsTeams togetherTeam positionsShared explorationLock speedFull tech treeHidden civsTurbo modeCheats
Victory
Defeat
🇪🇸 Persians · Spain
1142
+15
🇺🇸 Wu · United States
1122
+16
🇫🇷 Khmer · France
1128
-16
🇫🇷 Franks · France
1116
-15
Muad Quim
0:54 Loom
11:41 Feudal Age
12:34 Double-Bit Axe
15:05 Forging
18:27 Fletching
21:15 Castle Age
19:46 Fishing Lines
20:25 Town Watch
21:16 Wheelbarrow
22:28 Medium Warships
22:22 Gillnets
24:11 Scale Mail Armor
26:42 Bodkin Arrow
26:47 Padded Archer Armor
27:02 Bow Saw
27:11 Hand Cart
28:07 Red Cliffs Tactics
28:28 Leather Archer Armor
28:26 Gold Mining
29:02 Pikeman
29:43 Squires
30:40 Horse Collar
33:33 Gold Shaft Mining
32:50 Stone Mining
35:13 Ballistics
34:21 Demolition Ship
39:00 Imperial Age
37:18 Treadmill Crane
40:11 Chain Mail Armor
40:44 Halberdier
43:18 Elite Fire Archer
44:09 Arson
45:00 Plate Mail Armor
45:11 Iron Casting
45:30 Bracer
aKrasia
10:23 Feudal Age
15:25 Castle Age
13:52 Double-Bit Axe
15:59 Fishing Lines
17:04 Gillnets
18:24 Wheelbarrow
18:15 Horse Collar
19:58 Bow Saw
20:18 Stone Mining
21:26 Gold Mining
22:22 Medium Warships
22:24 Scale Barding Armor
22:31 Forging
24:12 Fletching
27:51 Iron Casting
28:17 Loom
32:06 Heavy Plow
32:36 Pikeman
33:21 Squires
36:41 Imperial Age
34:40 Husbandry
35:14 Bloodlines
36:00 Gold Shaft Mining
36:23 Cavalier
36:35 Light Cavalry
38:19 Scale Barding Armor
39:15 Blast Furnace
38:09 Savar
40:27 Chain Barding Armor
41:50 Plate Barding Armor
43:59 Blast Furnace
43:10 Scale Mail Armor
44:33 Gambesons
Papi-etoilette
10:08 Feudal Age
8:23 Loom
22:06 Castle Age
21:02 Double-Bit Axe
23:19 Stone Mining
24:09 Wheelbarrow
24:56 Gold Mining
25:18 Bow Saw
28:01 Town Watch
29:19 Husbandry
33:07 Imperial Age
31:21 Scale Barding Armor
31:27 Forging
33:21 Cavalier
36:52 Chain Barding Armor
37:08 Iron Casting
38:47 Plate Barding Armor
40:59 Blast Furnace
42:30 Hand Cart
42:22 Scale Mail Armor
42:32 Paladin
Tavern
5:58 Loom
7:06 Loom
9:30 Feudal Age
12:13 Double-Bit Axe
17:24 Bloodlines
19:08 Scale Barding Armor
19:14 Forging
19:31 Horse Collar
25:13 Castle Age
25:57 Wheelbarrow
25:20 Light Cavalry
26:25 Chain Barding Armor
27:05 Gold Mining
27:27 Bow Saw
31:12 Iron Casting
31:21 Gold Shaft Mining
35:26 Imperial Age
36:29 Hand Cart
36:09 Stone Mining
35:47 Cavalier
35:51 Hussar
38:43 Plate Barding Armor
40:03 Stone Shaft Mining
40:01 Ballistics
40:19 Town Watch
40:08 Heavy Scorpion
Connection lost

Rejoining the realm…

Still unreachable

The connection could not be restored.

Session expired

The server has moved on; the page needs a fresh start.